 Dungeon Crawl Stone Soup version 0.30-a0-381-g6ea064c7b4 (webtiles) character file.

Game seed: 1282854944726087462

112 bande the Trooper (level 4, -5/29 HPs)
             Began as a Gargoyle Fighter on Dec 1, 2022.
             Slain by an iguana (11 damage)
             ... on level 5 of the Dungeon.
             The game lasted 00:02:28 (2122 turns).

bande the Trooper (Gargoyle Fighter)                Turns: 2122, Time: 00:02:28

Health: -5/29      AC: 10    Str: 19    XL:     4   Next: 95%
Magic:  4/4        EV:  9    Int:  9    God:
Gold:   182        SH:  4    Dex: 11    Spells: 3/3 levels left

rFire   . . .      SeeInvis .    a - +0 war axe
rCold   + . .      Faith    .    c - +0 buckler
rNeg    + . .      Spirit   .    b - +0 scale mail
rPois   ∞          Reflect  .    (no helmet)
rElec   +          Harm     .    (no cloak)
rCorr   .          Rampage  .    (no gloves)
Will    .....                    (no boots)
Stlth   ..........               (no amulet)
HPRegen 0.24/turn                p - ring of protection from cold
MPRegen 0.09/turn                (no ring)

@: no status effects
A: sickness immunity, AC +3, negative energy resistance 1, electricity
resistance, torment resistance 1, petrification resistance
a: no special abilities


You were on level 5 of the Dungeon.
You visited 1 branch of the dungeon, and saw 4 of its levels.

You collected 182 gold pieces.

Inventory:

Hand Weapons
 a - a +0 war axe (weapon)
 l - a +1 vorpal sling
Armour
 b - a +0 scale mail (worn)
 c - a +0 buckler (worn)
Jewellery
 p - a ring of protection from cold (left hand)
Scrolls
 e - 2 scrolls of teleportation {unknown}
 f - a scroll of enchant weapon {unknown}
 i - 3 scrolls of identify {unknown}
 j - a scroll of enchant armour {unknown}
 n - a scroll of amnesia {unknown}
 q - a scroll of brand weapon {unknown}
Potions
 d - 2 potions of might
 g - a potion of attraction {unknown}
 h - a potion of brilliance {unknown}
 k - a potion of haste {unknown}
 m - a potion of resistance {unknown}
 o - a potion of heal wounds {unknown}
 r - a potion of flight {unknown}


   Skills:
 + Level 3.8 Fighting
 + Level 3.5 Axes
 + Level 3.8 Armour
 - Level 0.1 Dodging
 + Level 3.7 Shields


You had 3 spell levels left.
You didn't know any spells.
Your spell library contained the following spells:

 Spells                   Type           Power      Damage    Failure   Level
 Sandblast                Erth           0%         2d4       83%         1
 Passwall                 Tmut/Erth      0%         N/A       93%         2
 Stone Arrow              Conj/Erth      0%         3d7       99%         3


Dungeon Overview and Level Annotations

Branches:
Dungeon (5/15)
 Temple: D:4-7

Altars:
Cheibriados


Innate Abilities, Weirdness & Mutations

You are immune to sickness and miasma.
Your stone body is resilient. (AC +3)
You are immune to poison.
You resist negative energy. (rN+)
You are resistant to electric shocks. (rElec)
You are resistant to unholy torment.
You are immune to petrification.


Message History

A worm and an iguana come into view.
Found a snail-covered altar of Cheibriados.
The iguana hisses angrily.
The iguana hisses menacingly.
The iguana bites you.
You hit the iguana but do no damage. You block the iguana's attack.
You slash the iguana!
The iguana is heavily wounded.
You block the iguana's attack.
You completely miss the iguana.
The iguana is heavily wounded.
The iguana bites you but does no damage.
You block the iguana's attack.
You barely miss the iguana.
The iguana is heavily wounded.
The iguana barely misses you.
You closely miss the iguana.
The iguana is heavily wounded.
The iguana bites you but does no damage.
You barely miss the iguana.
The iguana is heavily wounded.
You block the iguana's attack. The iguana closely misses you.
You hit the iguana.
The iguana is almost dead.
The iguana barely misses you.
You closely miss the iguana.
The iguana is almost dead.
You block the iguana's attack. The iguana bites you!
You completely miss the iguana.
The iguana is almost dead.
The iguana barely misses you.
You hit the iguana but do no damage.
The iguana is almost dead.
The iguana closely misses you.
You hit the iguana.
The iguana is almost dead.
You hit the worm but do no damage. The iguana bites you!
* * * LOW HITPOINT WARNING * * *
The worm barely misses you. The iguana bites you!
You die...

#.......#
#.......#
#.......#
#.......#####
######...........#
#......#.###>....#
#......#.# #.....#
#......#.# #.....#
#........# #.@...#
####.##### #wl...#
#.# #.....# #.#
#.....# #.#
#.....## #.#
#......# ...
#......# ..
#......# #......#


You could see a worm and an iguana.

Vanquished Creatures
  Terence (D:2)
  2 adders (D:2)
  A worm (D:2)
  3 dart slugs
  9 ball pythons
  7 bats
  8 endoplasms
  2 giant cockroaches
  8 hobgoblins
  2 kobolds
  2 quokkas
  5 goblins
  5 rats
55 creatures vanquished.

Vanquished Creatures (others)
  8 demonic plants (D:3)
  2 fungi (D:3)
  A plant (D:3)
  3 withered plants (D:3)
14 creatures vanquished.

Grand Total: 69 creatures vanquished

Notes
Turn   | Place    | Note
-------+----------+-------------------------------------------
     0 | D:1      | bande the Gargoyle Fighter began the quest for the Orb.
     0 | D:1      | Reached XP level 1. HP: 14/14 MP: 1/1
   270 | D:1      | Reached XP level 2. HP: 19/19 MP: 2/2
   498 | D:1      | Reached XP level 3. HP: 23/23 MP: 3/3
   692 | D:2      | Noticed Terence
   710 | D:2      | Killed Terence
   711 | D:2      | Reached XP level 4. HP: 16/29 MP: 4/4
   815 | D:2      | Identified the +6 dagger of Inference {drain, rPois Stlth+}
  1708 | D:3      | Identified the +0 ring mail of Tekaz {Will+}
  2047 | D:3      | Found a faded altar of an unknown god.
  2050 | D:3      | You fall into a shaft and drop 2 floors!
  2050 | D:5      | Entered Level 5 of the Dungeon
  2095 | D:5      | Found a snail-covered altar of Cheibriados.
  2122 | D:5      | Slain by an iguana

Illustrated notes

Levels and vault maps discovered:
D:1:      beargit_arrival_diablo_church, layout_basic,
          amcnicky_mini_corridor_feature, minmay_fountain_box,
          minmay_misc_feat_four_crosses, minmay_misc_feat_tower,
          minmay_misc_feat_diagonals
D:2:      layout_basic, grunt_decor_mini_mirrors, minmay_statues_item,
          nicolae_eternal_life, uniq_terence
D:3:      layout_loops_corners, shapermc_ecumenical_altar_gd
D:5:      layout_basic, slow_altar_1, grunt_gozag_statues,
          minmay_temple_entry_mini_moons, lemuel_flamethrower_1

Skill      XL: |  1  2  3 |
---------------+----------+-----
Axes           | 2 3 |  3.5
Fighting       | |  3.8
Armour         | |  3.8
Dodging        | |  0.1
Shields        | |  3.7

Action                   |  1- 3 |  4- 6 || total
-------------------------+-------+-------++-------
Melee: War axe           |    75 |    83 ||   158
Armor: Scale mail        |    53 |    25 ||    78
Dodge: Dodged            |    37 |    41 ||    78
Block: Buckler           |    19 |    19 ||    38

Table legend: (Time is in decaauts)
 A = Elapsed time spent in this place.
 B = Non-inter-level travel time spent in this place.
 C = Inter-level travel time spent in this place.
 D = Time resting spent in this place.
 E = Time spent auto-exploring this place.
 F = Levels seen in this place.
 G = Mean time per level.
                   A        B        C        D        E       F      G
               +--------+--------+--------+--------+--------+-----+--------+
         Total |   2184 |   2159 |     25 |     49 |   1698 |   4 |  546.0 |
       Dungeon |   2184 |   2159 |     25 |     49 |   1698 |   4 |  546.0 |
               +--------+--------+--------+--------+--------+-----+--------+

Top non-repeatable levels by time:
     D:2: 825 daAuts
     D:1: 676 daAuts
     D:3: 606 daAuts
     D:5: 75 daAuts
